 Dungeon Sprint DCSS version 0.30-a0-777-ga9a30cbeda (webtiles) character file.

Game seed: 1300403202541516192

10 sircluck the Trooper (level 2, -5/28 HPs)
             Began as a Hill Orc Fighter on Feb 13, 2023.
             Succumbed to an orc's poison
             ... in the Dungeon (Sprint VII: "The Pits").
             The game lasted 00:00:08 (41 turns).

sircluck the Trooper (Hill Orc Fighter)               Turns: 41, Time: 00:00:08

Health: -5/28      AC:  7    Str: 18    XL:     2   Next: 20%
Magic:  2/2        EV:  9    Int:  8    God:
Gold:   0          SH:  4    Dex: 10    Spells: 1/1 levels left

rFire   . . .      SeeInvis .    a - +0 war axe
rCold   . . .      Faith    .    c - +0 buckler
rNeg    . . .      Spirit   .    b - +0 scale mail
rPois   .          Reflect  .    (no helmet)
rElec   .          Harm     .    (no cloak)
rCorr   .          Rampage  .    (no gloves)
Will    .....      NoTele   +    (no boots) Stlth
                                 (no amulet)
HPRegen 0.24/turn                (no ring)
MPRegen 0.08/turn                (no ring)

@: lethally poisoned (-5 -> -23)
A: no striking features
a: no special abilities


You were in the Dungeon.
You visited 1 branch

Inventory:

Hand Weapons
 a - a +0 war axe (weapon)
Armour
 b - a +0 scale mail (worn)
 c - a +0 buckler (worn)
Scrolls
 j - a scroll of blinking
Potions
 d - a potion of might
 e - a potion of curing
 f - a potion of heal wounds
 g - a potion of haste
 h - 2 potions of magic
 i - a potion of berserk rage


   Skills:
 + Level 4.6 Fighting
 + Level 3.1 Axes
 + Level 4.2 Armour
 + Level 4.1 Shields


You had one spell level left.
You didn't know any spells.
Your spell library was empty.

Dungeon Overview and Level Annotations

Branches:
Dungeon (1/1)

Altars:


Message History

The river rat bites you.
You hit the river rat.
The river rat is severely wounded.
The river rat bites you but does no damage.
The river rat bites you.
You slash the river rat!
You kill the river rat!
Your Fighting skill increases to level 4!
Your Axes skill increases to level 3!
Your Armour skill increases to level 4!
Your Shields skill increases to level 4!
You have reached level 2!
You see here a river rat corpse.
You open the door.
An orc and an endoplasm come into view.
The orc is wielding a +2 dagger of venom.
The orc shouts!
The endoplasm quivers.
You closely miss the orc. The orc closely misses you.
The orc hits you with a +2 dagger of venom.
You are poisoned.
You closely miss the orc.
You feel very sick. The orc hits you but does no damage.
You are more poisoned.
You barely miss the orc.
You feel very sick. The orc closely misses you.
You barely miss the orc.
You feel very sick. You block the orc's attack.
The orc hits you but does no damage.
You closely miss the orc.
You feel sick. The orc hits you but does no damage.
You are lethally poisoned!
You barely miss the orc.
* * * LOW HITPOINT WARNING * * *
You feel very sick.
The orc hits you with a +2 dagger of venom.
* * * LOW HITPOINT WARNING * * *
You are more poisoned.
You closely miss the orc.
You die...

##########++
#+##...........
+.##......#..#
##########.##..........
#..........)'...........
#+#####'#####......#..#.
#.†#..##...........
+.@oJ.#####'#####+
####+###.......#
#.......# #.......#
#...<...# #.......#
#.......# #.......#
#########


You could see an orc and an endoplasm.

Vanquished Creatures
  A river rat (D)
  A goblin (D)
2 creatures vanquished.

Notes
Turn   | Place    | Note
-------+----------+-------------------------------------------
     0 | D        | sircluck the Hill Orc Fighter began the quest for the Orb.
     0 | D        | Reached XP level 1. HP: 19/19 MP: 1/1
    32 | D        | Reached XP level 2. HP: 18/28 MP: 2/2
    40 | D        | HP: 1/28 [orc/+2 dagger of venom (5)]
    41 | D        | Succumbed to an orc's poison

Illustrated notes

Levels and vault maps discovered:
D:        pitsprint [storerooms_1, entrance_room_1, metal_vault_2, armoury_1,
          mini_pit_1, grid_room_1, main_hall_1, silver_pit, the_coven_3,
          the_vestibule_1, steel_vault_4, golden_pit, hallway_of_sentries,
          crystal_vault_4, iron_vault_4, final_vault]

Skill      XL: |  1 |
---------------+----+-----
Fighting       | 4 |  4.6
Axes           | 3 |  3.1
Armour         | 4 |  4.2
Shields        | 4 |  4.1

Action                     || total
---------------------------++-------
  Melee: War axe           ||    16
 Armour: Scale mail        ||     8
  Dodge: Dodged            ||     3
  Block: Buckler           ||     3

Table legend: (Time is in decaauts)
 A = Elapsed time spent in this place.
 B = Non-inter-level travel time spent in this place.
 C = Inter-level travel time spent in this place.
 D = Time resting spent in this place.
 E = Time spent auto-exploring this place.
 F = Levels seen in this place.
 G = Mean time per level.
                   A        B        C        D        E       F      G
               +--------+--------+--------+--------+--------+-----+--------+
         Total |     46 |     38 |      8 |      0 |      0 |   1 |   46.0 |
       Dungeon |     46 |     38 |      8 |      0 |      0 |   1 |   46.0 |
               +--------+--------+--------+--------+--------+-----+--------+

Top non-repeatable levels by time:
       D: 46 daAuts
